PCL
MILE HIGH BRONCOS @ LAS VEGAS STARS
04/17/2028
 
TOP OF THE 1ST
Mile High Broncos batting - Pitching for Las Vegas Stars : LHP Carlos Castillo
Pitching: LHP Carlos Castillo
Batting: RHB Luis Alvarado 0-0: Ball
1-0: Ball
2-0: Swinging Strike
2-1: Foul Ball, location: 2F
2-2: Reached on error, E4 (Groundball, 4)
Batting: RHB Evan Robinson 0-0: Ball
1-0: Ball
2-0: Foul Ball, location: 2F
2-1: Swinging Strike
2-2: Ball
3-2: Base on Balls
Luis Alvarado to second
Batting: SHB Pedro Martínez 0-0: Called Strike
0-1: Fly out, F9 (Flyball, 9S)
Batting: SHB Paco Martínez 0-0: SINGLE (Flyball, 78S)
Luis Alvarado to third
Evan Robinson to second
Batting: LHB Jesús González 0-0: Ball
1-0: Called Strike
1-1: DOUBLE (Flyball, 7LM)
Luis Alvarado scores
Evan Robinson scores
Paco Martínez to third
Batting: RHB António Martínez 0-0: Ball
1-0: Foul Ball, location: 2F
1-1: Ball
2-1: Swinging Strike
2-2: Foul Ball, location: 2F
2-2: Strikes out swinging
Batting: RHB Edward Williams 0-0: Called Strike
0-1: Ball
1-1: Called Strike
1-2: Strikes out looking
Top of the 1st over - 2 run(s), 2 hit(s), 1 error(s), 2 left on base; Mile High 2 - Las Vegas 0
BOTTOM OF THE 1ST
Las Vegas Stars batting - Pitching for Mile High Broncos : LHP Juan Garza
Pitching: LHP Juan Garza
Batting: SHB Júlio Salazar 0-0: Ball
1-0: Ball
2-0: Ball
3-0: Base on Balls
Batting: RHB Brandon Pope 0-0: Ball
1-0: Fly out, F8 (Flyball, 8RM)
Batting: RHB Ryan McBride 0-0: Ball
1-0: Foul Ball, location: 2F
1-1: Ball
2-1: Foul Ball, location: 2F
2-2: Ball
3-2: Foul Ball, location: 2F
3-2: Fly out, F8 (Flyball, 8RS)
Batting: LHB Ethan Marshall 0-0: Called Strike
0-1: Fly out, F8 (Flyball, 78M)
Bottom of the 1st over - 0 run(s), 0 hit(s), 0 error(s), 1 left on base; Mile High 2 - Las Vegas 0
TOP OF THE 2ND
Mile High Broncos batting - Pitching for Las Vegas Stars : LHP Carlos Castillo
Batting: RHB Rodney González 0-0: Swinging Strike
0-1: Ball
1-1: Ball
2-1: Foul Ball, location: 2F
2-2: Strikes out swinging
Batting: LHB Dave Cook 0-0: Swinging Strike
0-1: Foul Ball, location: 2F
0-2: Ball
1-2: Foul Ball, location: 2F
1-2: Ball
2-2: Foul Ball, location: 2F
2-2: Ball
3-2: Foul Ball, location: 2F
3-2: Foul Ball, location: 2F
3-2: Strikes out swinging
Batting: RHB Luis Alvarado 0-0: Ball
1-0: Called Strike
1-1: Ball
2-1: Ball
3-1: Base on Balls
Batting: RHB Evan Robinson 0-0: Called Strike
0-1: Ball
1-1: Swinging Strike
1-2: SINGLE (Flyball, 78S)
Luis Alvarado to second
Batting: SHB Pedro Martínez 0-0: Called Strike
0-1: Fielders Choice at 2nd, 6-4 (Groundball, 6)
Top of the 2nd over - 0 run(s), 1 hit(s), 0 error(s), 1 left on base; Mile High 2 - Las Vegas 0
BOTTOM OF THE 2ND
Las Vegas Stars batting - Pitching for Mile High Broncos : LHP Juan Garza
Batting: RHB Tom Howe 0-0: Ball
1-0: Foul Ball, location: 2F
1-1: Foul Ball, location: 2F
1-2: Fly out, F6 (Popup, 56D)
Batting: RHB Bobby Miller 0-0: Ball
1-0: Ball
2-0: Ball
3-0: Called Strike
3-1: Foul Ball, location: 2F
3-2: Foul Ball, location: 2F
3-2: Base on Balls
Batting: LHB Terry White 0-0: Ball
1-0: Swinging Strike
1-1: Foul Ball, location: 2F
1-2: Foul Ball, location: 2F
1-2: Strikes out looking
Batting: LHB Nathan Frey 0-0: Called Strike
0-1: Called Strike
0-2: Ball
Bobby Miller steals 2nd base
1-2: Strikes out swinging
Bottom of the 2nd over - 0 run(s), 0 hit(s), 0 error(s), 1 left on base; Mile High 2 - Las Vegas 0
TOP OF THE 3RD
Mile High Broncos batting - Pitching for Las Vegas Stars : LHP Carlos Castillo
Batting: SHB Paco Martínez 0-0: Called Strike
0-1: Foul Ball, location: 2F
0-2: SINGLE (Groundball, 4M) (infield hit)
Batting: LHB Jesús González 0-0: Ball
1-0: Ball
2-0: Fly out, F4 (Popup, 34D)
Batting: RHB António Martínez 0-0: Called Strike
0-1: Foul Ball, location: 2F
0-2: Foul Ball, location: 2F
0-2: Foul Ball, location: 2F
0-2: Foul Ball, location: 2F
0-2: Ball
1-2: DOUBLE (Line Drive, 9LM)
Paco Martínez to third
Batting: RHB Edward Williams 0-0: Ball
1-0: Ball
2-0: Foul Ball, location: 2F
2-1: Foul Ball, location: 2F
2-2: Ground out 6-3 (Groundball, 6)
Paco Martínez scores
Batting: RHB Rodney González 0-0: Ball
1-0: Fly out, F9 (Flyball, 9)
Top of the 3rd over - 1 run(s), 2 hit(s), 0 error(s), 1 left on base; Mile High 3 - Las Vegas 0
BOTTOM OF THE 3RD
Las Vegas Stars batting - Pitching for Mile High Broncos : LHP Juan Garza
Batting: RHB Luis Bustamante 0-0: Ground out 1-3 (Groundball, 13S)
Batting: SHB Júlio Salazar 0-0: Called Strike
0-1: Ball
1-1: Swinging Strike
1-2: Foul Ball, location: 2F
1-2: Strikes out swinging
Batting: RHB Brandon Pope 0-0: Ball
1-0: Ground out 4-3 (Groundball, 4)
Bottom of the 3rd over - 0 run(s), 0 hit(s), 0 error(s), 0 left on base; Mile High 3 - Las Vegas 0
TOP OF THE 4TH
Mile High Broncos batting - Pitching for Las Vegas Stars : LHP Carlos Castillo
Batting: LHB Dave Cook 0-0: Called Strike
0-1: Ball
1-1: Ball
2-1: Ball
3-1: Base on Balls
Batting: RHB Luis Alvarado 0-0: Ball
1-0: Foul Ball, location: 2F
1-1: Ball
2-1: Called Strike
2-2: Foul Ball, location: 2F
2-2: Strikes out swinging
Batting: RHB Evan Robinson 0-0: Called Strike
0-1: Ball
1-1: Ball
2-1: Ball
3-1: Ground out 4-3 (Groundball, 4MS)
Dave Cook to second
Batting: SHB Pedro Martínez 0-0: Ball
1-0: Ground out 5-3 (Groundball, 56)
Top of the 4th over - 0 run(s), 0 hit(s), 0 error(s), 1 left on base; Mile High 3 - Las Vegas 0
BOTTOM OF THE 4TH
Las Vegas Stars batting - Pitching for Mile High Broncos : LHP Juan Garza
Batting: RHB Ryan McBride 0-0: Ground out 6-3 (Groundball, 6)
Batting: LHB Ethan Marshall 0-0: Called Strike
0-1: Ball
1-1: SINGLE (Groundball, 4MD)
Batting: RHB Tom Howe 0-0: Ball
1-0: Ball
2-0: Ball
3-0: Called Strike
3-1: Base on Balls
Ethan Marshall to second
Batting: RHB Bobby Miller 0-0: Ball
1-0: Called Strike
1-1: Ball
Ethan Marshall steals 3rd base
Tom Howe to second
2-1: Ball
3-1: Called Strike
3-2: SINGLE (Groundball, 56D)
Ethan Marshall scores
Tom Howe to third
Runner from 3rd tries for Home, SAFE, no throw
Batting: LHB Terry White 0-0: Called Strike
Bobby Miller is caught stealing 2nd base
0-1: Foul Ball, location: 2F
0-2: Ball
1-2: Ball
2-2: Ball
3-2: SINGLE (Flyball, 8LS)
Batting: LHB Nathan Frey 0-0: Ball
1-0: Called Strike
1-1: Foul Ball, location: 2F
1-2: Ball
2-2: SINGLE (Groundball, 34D)
Terry White to second
Runner from 2nd tries for 3rd, SAFE, no throw
Batting: RHB Luis Bustamante 0-0: Ball
1-0: Ball
Wild Pitch!
Terry White scores
Nathan Frey to second
2-0: Ball
3-0: Called Strike
3-1: Base on Balls
Batting: SHB Júlio Salazar 0-0: Called Strike
0-1: Ball
1-1: Fly out, F9 (Flyball, 9D)
Bottom of the 4th over - 3 run(s), 4 hit(s), 0 error(s), 2 left on base; Mile High 3 - Las Vegas 3
TOP OF THE 5TH
Mile High Broncos batting - Pitching for Las Vegas Stars : LHP Carlos Castillo
Pitching: RHP Blake Koepke
Batting: SHB Paco Martínez 0-0: Ball
1-0: Ball
2-0: Ground out 4-3 (Groundball, 4S)
Batting: LHB Jesús González 0-0: Ball
1-0: Ball
2-0: Ball
3-0: Base on Balls
Batting: RHB António Martínez 0-0: Called Strike
0-1: Ball
1-1: Ball
2-1: Ball
3-1: Foul Ball, location: 2F
3-2: Strikes out swinging
Jesús González steals 2nd base
Batter strikes out.
Batting: RHB Edward Williams 0-0: Swinging Strike
0-1: Swinging Strike
0-2: Ball
1-2: Strikes out swinging
Top of the 5th over - 0 run(s), 0 hit(s), 0 error(s), 1 left on base; Mile High 3 - Las Vegas 3
BOTTOM OF THE 5TH
Las Vegas Stars batting - Pitching for Mile High Broncos : LHP Juan Garza
Batting: RHB Brandon Pope 0-0: Called Strike
0-1: Called Strike
0-2: Ball
1-2: Ball
2-2: Foul Ball, location: 2F
2-2: Ball
3-2: Base on Balls
Pitching: RHP David Bailey
Batting: RHB Ryan McBride 0-0: Called Strike
0-1: Ball
1-1: Ball
2-1: Fly out, F5 (Popup, 56)
Batting: LHB Ethan Marshall 0-0: Swinging Strike
0-1: Foul Ball, location: 2F
0-2: Foul Ball, location: 2F
0-2: Strikes out swinging
Batting: RHB Tom Howe 0-0: Called Strike
0-1: Called Strike
Throwing error on steal attempt, E2
Brandon Pope to third
0-2: 2-RUN HOME RUN (Flyball, 7D), Distance : 417 ft
Batting: RHB Bobby Miller 0-0: Called Strike
0-1: Ball
1-1: Ball
2-1: Swinging Strike
2-2: Ground out 6-3 (Groundball, 56)
Bottom of the 5th over - 2 run(s), 1 hit(s), 1 error(s), 0 left on base; Mile High 3 - Las Vegas 5
TOP OF THE 6TH
Mile High Broncos batting - Pitching for Las Vegas Stars : RHP Blake Koepke
Batting: RHB Rodney González 0-0: Called Strike
0-1: DOUBLE (Groundball, 3L)
Batting: LHB Dave Cook 0-0: Called Strike
0-1: Foul Ball, location: 2F
0-2: Strikes out swinging
Batting: RHB Luis Alvarado 0-0: Ball
1-0: Ground out 6-3 (Groundball, 6)
Rodney González to third
Batting: RHB Evan Robinson 0-0: Ball
1-0: SINGLE (Line Drive, 78S)
Rodney González scores
Batting: SHB Pedro Martínez 0-0: Swinging Strike
0-1: Swinging Strike
0-2: Strikes out swinging
Top of the 6th over - 1 run(s), 2 hit(s), 0 error(s), 1 left on base; Mile High 4 - Las Vegas 5
BOTTOM OF THE 6TH
Las Vegas Stars batting - Pitching for Mile High Broncos : RHP David Bailey
Batting: LHB Terry White 0-0: Ball
1-0: Ball
2-0: Ground out 4-3 (Groundball, 4)
Batting: LHB Nathan Frey 0-0: Ball
1-0: Called Strike
1-1: Ball
2-1: SINGLE (Groundball, 56S) (infield hit)
Batting: RHB Luis Bustamante 0-0: Foul Ball, location: 2F
0-1: Ball
1-1: Foul Ball, location: 2F
1-2: Foul Ball, location: 2F
1-2: Ball
2-2: SINGLE (Flyball, 9S)
Nathan Frey to second
Throwing error, E9
Nathan Frey scores
Luis Bustamante to second
Batting: SHB Júlio Salazar 0-0: Called Strike
0-1: Fly out, F7 (Flyball, 7S)
Batting: RHB Brandon Pope 0-0: Foul Ball, location: 2F
0-1: Called Strike
0-2: Ball
1-2: Ball
2-2: Strikes out swinging
Bottom of the 6th over - 1 run(s), 2 hit(s), 1 error(s), 1 left on base; Mile High 4 - Las Vegas 6
TOP OF THE 7TH
Mile High Broncos batting - Pitching for Las Vegas Stars : RHP Blake Koepke
Pitching: RHP Júlio Sandoval
Batting: SHB Paco Martínez 0-0: Called Strike
0-1: Foul Ball, location: 2F
0-2: Foul Ball, location: 2F
0-2: Ball
1-2: Ball
2-2: Strikes out swinging
Batting: LHB Jesús González 0-0: Ball
1-0: Called Strike
1-1: SINGLE (Groundball, 3D)
Batting: RHB António Martínez 0-0: Reached on error, E4 (Groundball, 4)
Jesús González to second
Pinch Hitting: LHB Mark Everett 0-0: Foul Ball, location: 2F
0-1: Called Strike
0-2: Foul Ball, location: 2F
0-2: Hit by Pitch
Jesús González to third
António Martínez to second
Pinch Hitting: LHB Ernesto López 0-0: Fly out, F8 (Flyball, 8LM)
Runner from 3rd tags up, SCORES, no throw
Batting: LHB Dave Cook 0-0: Ball
1-0: Foul Ball, location: 2F
1-1: Foul Ball, location: 2F
1-2: Ball
2-2: Foul Ball, location: 2F
2-2: Fly out, F5 (Popup, 5S)
Top of the 7th over - 1 run(s), 1 hit(s), 1 error(s), 2 left on base; Mile High 5 - Las Vegas 6
BOTTOM OF THE 7TH
Las Vegas Stars batting - Pitching for Mile High Broncos : RHP David Bailey
Now at 2B: Keith Shaffer
Now in LF: Ernesto López
Batting: RHB Ryan McBride 0-0: Foul Ball, location: 2F
0-1: Called Strike
0-2: Foul Ball, location: 2F
0-2: Fly out, F8 (Flyball, 89S)
Batting: LHB Ethan Marshall 0-0: Ball
1-0: Ball
2-0: Fly out, F7 (Flyball, 78M)
Batting: RHB Tom Howe 0-0: Ground out 1-3 (Groundball, P)
Bottom of the 7th over - 0 run(s), 0 hit(s), 0 error(s), 0 left on base; Mile High 5 - Las Vegas 6
TOP OF THE 8TH
Mile High Broncos batting - Pitching for Las Vegas Stars : RHP Júlio Sandoval
Pitching: RHP Mike Drader
Now at 3B: Richard Griffin
Batting: RHB Luis Alvarado 0-0: Called Strike
0-1: Swinging Strike
0-2: Ball
1-2: Ground out 6-3 (Groundball, 6)
Batting: RHB Evan Robinson 0-0: Ball
1-0: Swinging Strike
1-1: Fly out, F9 (Flyball, 9LSF)
Batting: SHB Pedro Martínez 0-0: SOLO HOME RUN (Flyball, 89XD), Distance : 410 ft
Pinch Hitting: LHB Tony Báez 0-0: Ball
1-0: Ball
2-0: Ball
3-0: Base on Balls
Batting: LHB Jesús González 0-0: Ball
1-0: Ball
2-0: Foul Ball, location: 2F
2-1: Foul Ball, location: 2F
2-2: Strikes out swinging
Top of the 8th over - 1 run(s), 1 hit(s), 0 error(s), 1 left on base; Mile High 6 - Las Vegas 6
BOTTOM OF THE 8TH
Las Vegas Stars batting - Pitching for Mile High Broncos : RHP David Bailey
Pitching: RHP Brandon Mitchell
Now at 3B: Enrique Bermúdez
Pinch Hitting: LHB Mike Petersen 0-0: Ball
1-0: Fly out, F8 (Line Drive, 8LM)
Batting: LHB Terry White 0-0: Ball
1-0: Ball
2-0: Called Strike
2-1: Ball
3-1: Called Strike
3-2: Strikes out swinging
Batting: LHB Nathan Frey 0-0: Called Strike
0-1: Ball
1-1: Swinging Strike
1-2: Ball
2-2: Ball
3-2: SINGLE (Groundball, 5D)
Batting: RHB Luis Bustamante 0-0: Swinging Strike
0-1: Called Strike
0-2: Foul Ball, location: 2F
0-2: Fly out, F6 (Line Drive, 6)
Bottom of the 8th over - 0 run(s), 1 hit(s), 0 error(s), 1 left on base; Mile High 6 - Las Vegas 6
TOP OF THE 9TH
Mile High Broncos batting - Pitching for Las Vegas Stars : RHP Mike Drader
Pitching: RHP Jorge Oliva
Now at SS: Héctor Barajas
Batting: RHB António Martínez 0-0: Ball
1-0: Fly out, F4 (Line Drive, 4)
Batting: SHB Keith Shaffer 0-0: Called Strike
0-1: Ball
1-1: Swinging Strike
1-2: Ball
2-2: Foul Ball, location: 2F
2-2: Foul Ball, location: 2F
2-2: Ball
3-2: Foul Ball, location: 2F
3-2: Foul Ball, location: 2F
3-2: Foul Ball, location: 2F
3-2: Foul Ball, location: 2F
3-2: Ground out 4-3 (Groundball, 4)
Batting: LHB Ernesto López 0-0: Ball
1-0: Foul Ball, location: 2F
1-1: Ball
2-1: Ball
3-1: Base on Balls
Batting: LHB Dave Cook 0-0: Ball
1-0: Swinging Strike
1-1: Foul Ball, location: 2F
1-2: Foul Ball, location: 2F
1-2: Ball
2-2: Ball
3-2: Foul Ball, location: 2F
3-2: Fly out, F9 (Flyball, 9D)
Top of the 9th over - 0 run(s), 0 hit(s), 0 error(s), 1 left on base; Mile High 6 - Las Vegas 6
BOTTOM OF THE 9TH
Las Vegas Stars batting - Pitching for Mile High Broncos : RHP Brandon Mitchell
Batting: SHB Júlio Salazar 0-0: Ball
1-0: SOLO HOME RUN (Flyball, 9D) (Inside the Park)
Tuesday, August 8th, 2017 - OOTP Baseball 17.12 Build 75